 Dungeon Crawl Stone Soup version bcrawl-1.21 (webtiles) character file.

Game seed: 3414731939549766189

87 Foic the Caller (level 4, -5/24 HPs)
             Began as an Avariel Summoner on Feb 16, 2020.
             Killed by divine providence
             ... invoked by an orc priest
              (13 damage)
             ... on level 3 of the Dungeon.
             The game lasted 00:13:58 (2767 turns).

Foic the Caller (Avariel Summoner)                  Turns: 2767, Time: 00:13:59

Health: -5/24      AC:  2    Str:  6    XL:     4   Next: 51%
Magic:  8/11       EV: 12    Int: 22    God:
Gold:   92         SH:  3    Dex: 13    Spells: 4/10 levels left

rFire    . . .     SeeInvis .   (no weapon)
rCold    . . .     Gourm    .   n - +0 buckler
rNeg     . . .     Faith    .   a - +0 robe
rPois    .         Spirit   .   (no helmet)
rElec    .         Reflect  .   (no cloak)
rCorr    .         Harm     .   (no gloves)
MR       .....                  (no boots)
Stlth    ++........             (no amulet)
HPRegen  0.08/turn              (no ring)
MPRegen  0.12/turn              (no ring)

@: no status effects
A: no striking features
a: no special abilities


You were on level 3 of the Dungeon.
You were not hungry.

You visited 1 branch of the dungeon, and saw 3 of its levels.

You collected 92 gold pieces.

Inventory:

Hand Weapons
 i - a +0 hunting sling
Missiles
 d - 662 stones (quivered)
 l - 72 poisoned needles
Armour
 a - a +0 robe (worn)
 n - a +0 buckler (worn)
Jewellery
 j - an uncursed ring of ice
Scrolls
 c - a scroll of summoning
 g - 4 scrolls of teleportation {unknown}
 k - a scroll of immolation {unknown}
 o - 2 scrolls of enchant armour {unknown}
 q - 2 scrolls of remove curse {unknown}
 s - a scroll of fear {unknown}
Potions
 b - a potion of resistance {unknown}
 f - a potion of flight {unknown}
 h - a potion of degeneration {unknown}
 p - 2 potions of lignification {unknown}
 r - a potion of ambrosia {unknown}
Comestibles
 e - 4 rations {!d}
 m - 8 chunks of flesh


   Skills:
 + Level 2.8 Dodging
 + Level 2.3 Stealth
 + Level 3.9 Spellcasting
 + Level 6.0 Summonings


You had 4 spell levels left.
You knew the following spells:

 Your Spells              Type           Power        Failure   Level  Hunger
a - Summon Small Mammal   Summ           ####         1%          1    None
b - Call Imp              Summ           ####..       2%          2    #......
c - Call Canine Familiar  Summ           ####....     4%          3    ###....

Your spell library contained the following spells:

 Spells                   Type           Power        Failure   Level  Hunger
 Summon Ice Beast         Ice/Summ       ###.....     50%         4    ####...
 Summon Lightning Spire   Summ/Air       ###.....     83%         5    ######.


Dungeon Overview and Level Annotations

Branches:
Dungeon (3/12)

Altars:
Fedhas
Kikubaaqudgha
Xom


Message History

The orc dies!
Your Summonings skill increases to level 6!
The rat bites your hound but does no damage.
Your hound bites the rat.
The rat dies!
You swap places.
Items here: ))))) [ ÷÷÷÷ An orc comes into view.
It is wielding a +0 mace.
An orc priest comes into view.
Things that are here:
a +0 club; an orc corpse; a worm corpse You swap places.
The orc priest calls down the wrath of Beogh upon you.
Beogh smites you!
Ouch! That really hurt!
Items here: ))))) [ ÷÷÷÷ The orc priest invokes the aid of Beogh against you.
Beogh smites you!
Ouch! That really hurt!
You die...

..).. #...
####...#####...
......o>.......
......)o#
......#.# .....
#)# .... #h# # ...
#@# #. ..
#.########.#### #
#.............
###.######.#.###
#....##.......<#
#..............#
#..###.###.....#.#
#..# #.# #.......#
#..###+###.#^#####


You could see an orc priest, an orc and a friendly hound.

Vanquished Creatures (collateral kills)
  A gnoll shaman (D:3)
  A worker ant (D:2)
  2 adders
  2 oozes
  2 worms (D:3)
  2 dart slugs
  2 leopard geckos (D:1)
  6 orcs (D:3)
  3 giant cockroaches
  4 goblins
  8 hobgoblins
  7 jackals (D:2)
  A quokka (D:2)
  5 bats
  A frilled lizard (D:3)
  3 kobolds
  8 rats
58 creatures vanquished.

Notes
Turn   | Place    | Note
-------+----------+-------------------------------------------
     0 | D:1      | Foic the Avariel Summoner began the quest for the Orb.
     0 | D:1      | Reached XP level 1. HP: 10/10 MP: 6/6
   109 | D:1      | Reached skill level 5 in Summonings
   300 | D:1      | Reached XP level 2. HP: 15/15 MP: 4/7
   468 | D:1      | Learned a level 2 spell: Call Imp
  1352 | D:2      | Found an ancient bone altar of Kikubaaqudgha.
  1380 | D:2      | Reached XP level 3. HP: 17/19 MP: 6/9
  1474 | D:2      | Learned a level 3 spell: Call Canine Familiar
  1488 | D:2      | Found a shimmering altar of Xom.
  2558 | D:3      | Found a blossoming altar of Fedhas.
  2663 | D:3      | Reached XP level 4. HP: 22/24 MP: 8/11
  2753 | D:3      | Reached skill level 6 in Summonings
  2767 | D:3      | Killed from afar by an orc priest

Skill      XL: |  1  2  3  4 |
---------------+-------------+-----
Summonings     | 5 6 |  6.0
Spellcasting   | 3 |  3.9
Dodging        | |  2.8
Stealth        | |  2.3

Action                   |  1- 3 |  4- 6 || total
-------------------------+-------+-------++-------
 Cast: Summon Small Mamm |    37 |       ||    37
       Call Imp          |    13 |     2 ||    15
       Call Canine Famil |    10 |     3 ||    13
  Use: Scroll            |     1 |       ||     1
  Eat: Chunk             |     6 |     1 ||     7
Armor: Robe              |    16 |       ||    16
Dodge: Dodged            |    34 |       ||    34
